 Dungeon Crawl Stone Soup version 0.29-a0-559-g359e09b (webtiles) character file.

Game seed: 660343940306046036

650 Illumine the Caller (level 8, -5/57 HPs)
             Began as a Meteoran Summoner on June 9, 2022.
             Succumbed to a kobold brigand's curare-tipped dart
             ... on level 7 of the Dungeon.
             The game lasted 00:06:40 (848 turns).

Illumine the Caller (Meteoran Summoner)              Turns: 848, Time: 00:06:41

Health: -5/57      AC:  2    Str: 10    XL:     8   Next: 9%
Magic:  13/18      EV: 12    Int: 18    God:
Gold:   121        SH:  0    Dex: 15    Spells: 6/19 levels left

rFire   . . .      SeeInvis .   g - +0 dagger (drain)
rCold   . . .      Faith    .   (no shield)
rNeg    . . .      Spirit   .   a - +0 robe
rPois   .          Reflect  .   (no helmet)
rElec   .          Harm     .   (no cloak)
rCorr   .          Rampage  .   (no gloves)
Will    +....                   (no boots)
Stlth   +.........              (no amulet)
HPRegen 0.19/turn               (no ring)
MPRegen 0.16/turn               (no ring)

@: lethally poisoned (-5 -> -22), slowed, glowing, very slow
A: sense surroundings 1, otherworldly, glowing, explore regen
a: no special abilities


You were on level 7 of the Dungeon.
You visited 1 branch of the dungeon, and saw 7 of its levels.

You collected 121 gold pieces.

Inventory:

Hand Weapons
 c - a +0 short sword
 g - a +0 dagger of draining (weapon)
Armour
 a - a +0 robe (worn)
 j - the +3 chain mail of Fashionability {rElec rPois}
   (You took it off a goblin on level 4 of the Dungeon)

   rElec:     It insulates you from electricity.
   rPois:     It protects you from poison.
Jewellery
 f - a ring of fire
 m - a ring of fire
Wands
 e - a wand of mindburst (20)
Potions
 b - a potion of magic
 d - 2 potions of brilliance
 l - a potion of flight


   Skills:
 - Level 2.4 Dodging
 - Level 1.4 Stealth
 + Level 6.3 Spellcasting
 - Level 2.0 Hexes
 + Level 7.5 Summonings
 * Level 4.0 Air Magic


You had 6 spell levels left.
You knew the following spells:

 Your Spells              Type           Power      Damage    Failure   Level
a - Summon Small Mammal   Summ           100%       N/A       1%          1
b - Call Imp              Summ           32%        N/A       1%          2
c - Call Canine Familiar  Summ           32%        N/A       1%          3
d - Summon Guardian Gole  Hex/Summ       22%        N/A       4%          3
e - Summon Lightning Spi  Summ/Air       26%        N/A       11%         4

Your spell library contained the following spells:

 Spells                   Type           Power      Damage    Failure   Level
 Gell's Gravitas          Tloc           5%         N/A       34%         3
 Lesser Beckoning         Tloc           5%         N/A       34%         3
 Teleport Other           Tloc           5%         N/A       34%         3


Dungeon Overview and Level Annotations

Branches:
Dungeon (7/15)
 Temple: D:4-7

Altars:

Annotations:
D:3 Jessica


Innate Abilities, Weirdness & Mutations

You passively map a small area around you.
You are easily found by Zot.
You glow in the dark.
You regain HP and MP as you explore.


Message History

A wight comes into view.
It is wielding a +3 short sword of freezing.
Unknown command.
The kobold attacks as you move away! The kobold hits you with a +0 dagger.
* * * LOW HITPOINT WARNING * * *
The kobold hits you with a +0 short sword.
* * * LOW HITPOINT WARNING * * *
Unknown command.
The kobold attacks as you move away! The kobold barely misses you.
The kobold attacks as you move away!
The kobold hits you with a +0 short sword.
* * * LOW HITPOINT WARNING * * *
The kobold hits your lightning spire but does no damage.
Your lightning spire shoots out a bolt of lightning at the kobold!
The bolt of electricity hits the kobold!
The kobold dies!
The bolt of electricity hits your lightning spire.
Your lightning spire completely resists.
The kobold hits you but does no damage.
Casting: Summon Lightning Spire (dangerous; 12% risk of failure)
Confirm with . or Enter, or press ? or * to list all spells.
Your lightning spire shoots out a bolt of lightning at the kobold!
The bolt of electricity hits the kobold!
The kobold dies!
The kobold brigand throws a curare-tipped dart.
The curare-tipped dart hits you.
You are lethally poisoned!
You have difficulty breathing.
* * * LOW HITPOINT WARNING * * *
You feel as though you will be slow longer.
Your lightning spire shoots out a bolt of lightning at the kobold!
The bolt of electricity hits the kobold!
The kobold dies!
The bolt of electricity hits the wight! x2
The wight is destroyed!
Your Air Magic skill increases to level 4!
Unknown command.
Okay, then.
You aren't carrying any scrolls.
Unknown command.
You die...

#.... * ##...# .
####....### .#
##.........#... ,
#..............
###.....##.......
##.#.....#........
#......8).)# , ,.,
#<...@.)K#.###....
##......##.K.....z
##...h....<.###.z
, #......$.#.# ,
#...........# ,
#...>.###...., + ≈
##....# #..... ,
##.... ..###.# ≈
## ### .# * ,


You could see a kobold brigand (ally target), a friendly lightning spire
(summoned) and a friendly hound (summoned).

Vanquished Creatures
  Natasha (D:2)
  A shadow imp (D:7)
  2 bats (D:2)
  A quokka (D:4)
  A ball python (D:1)
  A goblin (D:4)
7 creatures vanquished.

Vanquished Creatures (collateral kills)
  A water moccasin (D:5)
  A wight (D:7)
  A howler monkey (D:4)
  3 jellies
  An orc priest (D:3)
  A hound (D:6)
  Natasha (D:2)
  An iguana (D:6)
  An orc wizard (D:3)
  4 gnolls (D:4)
  2 adders
  A worm (D:2)
  9 orcs
  2 endoplasms
  A giant cockroach (D:2)
  5 hobgoblins
  4 kobolds
  2 quokkas (D:1)
  2 ball pythons
  A bat (D:2)
  A frilled lizard (D:1)
  A goblin (D:2)
  A rat (D:2)
47 creatures vanquished.

Vanquished Creatures (others)
  A black bear (D:4)
  An endoplasm (D:4)
  A ball python (D:4)
3 creatures vanquished.

Grand Total: 57 creatures vanquished

Notes
Turn   | Place    | Note
-------+----------+-------------------------------------------
     0 | D:1      | Illumine the Meteoran Summoner began the quest for the Orb.
     0 | D:1      | Reached XP level 1. HP: 14/14 MP: 5/5
    58 | D:1      | Reached skill level 5 in Summonings
    65 | D:1      | Reached XP level 2. HP: 19/20 MP: 7/7
    68 | D:1      | Learned a level 2 spell: Call Imp
   176 | D:3      | Noticed Jessica
   220 | D:2      | Noticed Natasha
   224 | D:2      | Killed Natasha
   225 | D:2      | Reached XP level 3. HP: 17/26 MP: 7/9
   229 | D:2      | Reached XP level 4. HP: 21/33 MP: 7/10
   233 | D:2      | Learned a level 3 spell: Call Canine Familiar
   297 | D:2      | Noticed Natasha
   308 | D:2      | Killed Natasha
   339 | D:3      | Learned a level 3 spell: Summon Guardian Golem
   363 | D:3      | Reached XP level 5. HP: 38/38 MP: 12/12
   374 | D:3      | Reached skill level 1 in Hexes
   374 | D:3      | Reached skill level 6 in Summonings
   446 | D:4      | Reached XP level 6. HP: 32/44 MP: 5/14
   455 | D:4      | Reached skill level 5 in Spellcasting
   460 | D:4      | Learned a level 4 spell: Summon Lightning Spire
   463 | D:4      | Noticed a black bear
   475 | D:4      | Reached skill level 1 in Air Magic
   480 | D:4      | Killed a black bear
   481 | D:4      | Reached XP level 7. HP: 42/50 MP: 7/16
   519 | D:4      | Identified the +3 chain mail of Fashionability {rElec
                  | rPois}
   577 | D:4      | Reached skill level 7 in Summonings
   580 | D:5      | Entered Level 5 of the Dungeon
   613 | D:5      | Noticed a water moccasin
   630 | D:5      | Killed a water moccasin
   816 | D:7      | Reached XP level 8. HP: 53/57 MP: 15/18
   847 | D:7      | HP: 1/57 [asphyx]
   848 | D:7      | Succumbed to a kobold brigand's curare-tipped dart

Illustrated notes

Levels and vault maps discovered:
D:1:      tarquinn_simple_flora_water_e, layout_basic,
          hellmonk_ecumenical_altar_defaced_shrine
D:2:      layout_loops_cross, uniq_natasha
D:3:      layout_basic, tgw_fedhas, mainiacjoe_overflow_large_starburst,
          uniq_jessica
D:4:      layout_rooms, enter_ossuary_4
D:5:      layout_gridville
D:6:      layout_cave_pools, kennysheep_vampire_church, temple_pool_b,
          nicolae_elevator_lobby_plus
D:7:      cheibrodos_two_vegetables, layout_cave_pools, kennysheep_little_box

Skill      XL: |  1  2  3  4  5  6  7  8 |
---------------+-------------------------+-----
Summonings     | 5 6 7 |  7.5
Spellcasting   | 3 4 5 6 |  6.3
Hexes          | 1 2 |  2.0
Air Magic      | 2 3 4 |  4.0
Dodging        | |  2.4
Stealth        | |  1.4

Action                   |  1- 3 |  4- 6 |  7- 9 || total
-------------------------+-------+-------+-------++-------
Melee: Short sword       |    12 |     7 |       ||    19
       Dagger            |       |     4 |    14 ||    18
       Punch             |       |     1 |       ||     1
 Cast: Summon Small Mamm |     7 |     3 |       ||    10
       Call Imp          |     3 |     4 |     4 ||    11
       Call Canine Famil |       |     6 |     8 ||    14
       Summon Guardian G |       |     2 |     3 ||     5
       Summon Lightning  |       |       |     1 ||     1
  Use: Scroll            |       |       |     5 ||     5
       Potion            |       |       |     1 ||     1
 Stab: Distracted        |       |     1 |     1 ||     2
Armor: Robe              |     3 |     1 |     5 ||     9
Dodge: Dodged            |    14 |     5 |    17 ||    36

Table legend: (Time is in decaauts)
 A = Elapsed time spent in this place.
 B = Non-inter-level travel time spent in this place.
 C = Inter-level travel time spent in this place.
 D = Time resting spent in this place.
 E = Time spent auto-exploring this place.
 F = Levels seen in this place.
 G = Mean time per level.
                   A        B        C        D        E       F      G
               +--------+--------+--------+--------+--------+-----+--------+
         Total |    851 |    827 |     24 |      0 |     62 |   7 |  121.6 |
       Dungeon |    851 |    827 |     24 |      0 |     62 |   7 |  121.6 |
               +--------+--------+--------+--------+--------+-----+--------+

Top non-repeatable levels by time:
     D:2: 226 daAuts
     D:5: 150 daAuts
     D:4: 144 daAuts
     D:3: 125 daAuts
     D:1: 84 daAuts
     D:6: 76 daAuts
     D:7: 44 daAuts
